 Dungeon Sprint DCSS version 0.31-a0-408-gb642c7f9a3 (webtiles) character file.

Game seed: 7499502952692631678

0 zazu2006 the Fighter (level 4, -8/49 HPs)
             Began as a Gnoll Wanderer on July 29, 2023.
             Was a Follower of Vehumet.
             Mangled by a river rat (9 damage)
             ... summoned by Eustachio
             ... in the Dungeon (Sprint VI: "Thunderdome").
             The game lasted 00:01:29 (116 turns).

zazu2006 the Fighter (Gnoll Wanderer)                Turns: 116, Time: 00:01:30

Health: -8/49      AC:  3    Str: 12    XL:     4   Next: 40%
Magic:  7/8        EV: 12    Int: 11    God:    Vehumet [*.....]
Gold:   200        SH:  0    Dex: 13    Spells: 7/8 levels left

rFire   . . .        a - +3 hand axe
rCold   . . .        (no shield)
rNeg    . . .        d - +0 leather armour
rPois   .            (no helmet)
rElec   .            (no cloak)
rCorr   .            (no gloves)
SInv    .            (no boots)
Will    .....        (no amulet)
Stlth   ++           (no ring)
HPRegen 0.28/turn    (no ring)
MPRegen 0.11/turn

%: no teleportation
@: no status effects
A: fangs 1, strong nose, distributed training
a: Renounce Religion


You were in the Dungeon.
You worshipped Vehumet.
Vehumet was aware of your devotion.
You visited 1 branch You collected 200 gold pieces.

Inventory:

Hand Weapons
 a - a +3 hand axe (weapon)
 b - a +0 short sword
Armour
 d - a +0 leather armour (worn)
Wands
 l - a wand of acid (2)
 m - a wand of roots (5)
Scrolls
 c - 4 scrolls of fog
 j - 4 scrolls of blinking
Potions
 e - a potion of curing
 f - 4 potions of heal wounds
 g - 4 potions of haste
 h - 2 potions of magic
 i - a potion of berserk rage
 k - a potion of resistance


   Skills:
 + Level 10.8 Fighting
 + Level 3.8 Short Blades
 + Level 2.7 Long Blades
 + Level 7.1 Axes
 + Level 2.7 Maces & Flails
 + Level 2.7 Polearms
 + Level 2.7 Staves
 + Level 2.7 Ranged Weapons
 + Level 2.7 Throwing
 + Level 2.7 Armour
 + Level 2.7 Dodging
 + Level 2.7 Stealth
 + Level 2.7 Shields
 + Level 2.7 Unarmed Combat
 + Level 2.7 Spellcasting
 + Level 2.2 Conjurations
 + Level 2.2 Hexes
 + Level 2.2 Summonings
 + Level 2.2 Necromancy
 + Level 2.2 Translocations
 + Level 2.2 Transmutations
 + Level 2.2 Fire Magic
 + Level 2.2 Ice Magic
 + Level 2.2 Air Magic
 + Level 2.2 Earth Magic
 + Level 2.2 Poison Magic
 + Level 4.0 Invocations
 + Level 2.7 Evocations
 + Level 2.2 Shapeshifting


You had 7 spell levels left.
You knew the following spells:

 Your Spells              Type           Power      Damage    Failure   Level
a - Sandblast             Erth           12%        2d6       14%         1

Your spell library contained the following spells:

 Spells                   Type           Power      Damage    Failure   Level


Dungeon Overview and Level Annotations

Branches:
Dungeon (1/1)

Altars:
Cheibriados
Dithmenos
Fedhas
Gozag
Kikubaaqudgha
Makhleb
Okawaru
Qazlal
Ru
Sif Muna
Trog
Uskayaw
Vehumet
Wu Jian
Xom
Yredelemnul
Zin
The Shining One
Lugonu

Shops:
D *[=??*?*:[((!!!!

Annotations:
D Eustachio


Innate Abilities, Weirdness & Mutations

You have very sharp teeth.
Your uncanny sense of smell can sniff out nearby items.
Your experience applies equally to all skills.


Message History

The white imp barely misses you.
Unknown command.
You hit the white imp.
The white imp is almost dead.
You miss Eustachio.
Eustachio gestures wildly while chanting.
The white imp hits you. The white imp freezes you.
Unknown command.
You slash the white imp!
You kill the white imp!
Vehumet accepts your kill.
You feel your power returning.
You hit Eustachio. You hit the rat. Eustachio closely misses you.
Unknown command.
Unknown command.
Unknown command.
Aiming: Corrosive Bolt
Press: ? - help, Shift-Dir - straight line, f/p - Eustachio
Aim: Eustachio, wielding a +0 rapier and wearing a +0 leather armour (moderately wounded, 60% to hit)
The bolt of acid hits Eustachio!
The acid corrodes Eustachio!
Eustachio is severely wounded.
The bolt of acid hits the river rat!
The river rat is severely wounded.
Eustachio hits you with a +0 rapier!
* * * LOW HITPOINT WARNING * * *
Unknown command.
Unknown command.
You miss Eustachio.
Eustachio is severely wounded.
You closely miss the river rat. You hit the rat.
You kill the rat!
The rat's corpse disappears in a puff of smoke!
The river rat barely misses you. Eustachio hits you with a +0 rapier!
* * * LOW HITPOINT WARNING * * *
Unknown command.
Aiming: Corrosive Bolt
Press: ? - help, Shift-Dir - straight line, f/p - Eustachio
Aim: Eustachio, wielding a +0 rapier and wearing a +0 leather armour (severely wounded, covered in acid, 60% to hit)
The bolt of acid misses Eustachio.
The river rat bites you!
You die...

#_......._# #........_#
#_......._#
###.........###
#⌠...........⌠#
######.8.........8.####
##∩___......###......__.
###∩....r...8.# #.8.......
#.......@@....###.........
⌠........§.###...###......
⌠..........# #.<.# #......
⌠..........###...###......
#.............###.........
###∩........8.# #.8.......
##∩_._......###......___
######.8.........8.####
#⌠...........⌠#


You could see Eustachio (corroded) and a river rat (summoned).

Vanquished Creatures
  A crimson imp (D)
  A quasit (D)
  A shadow imp (D)
  A white imp (D)
4 creatures vanquished.

Notes
Turn   | Place    | Note
-------+----------+-------------------------------------------
     0 | D        | Reached skill level 10 in Fighting
     0 | D        | zazu2006 the Gnoll Wanderer began the quest for the Orb.
     0 | D        | zazu2006 set off with the following items: a +3 hand axe, a
                  | +0 short sword, a scroll of fog, a +0 leather armour, a
                  | potion of curing, a potion of heal wounds, a potion of
                  | haste, 2 potions of magic, a potion of berserk rage, a
                  | scroll of blinking.
     0 | D        | Reached XP level 1. HP: 29/29 MP: 2/2
     1 | D        | Found a hide-covered altar of Uskayaw.
     2 | D        | Found a shimmering altar of Xom.
     2 | D        | Found a glowing silver altar of Zin.
     3 | D        | Found a sacrificial altar of Ru.
     4 | D        | Found a stormy altar of Qazlal.
     4 | D        | Found a shadowy altar of Dithmenos.
     4 | D        | Found Risutuwk's Weapon Rack.
     4 | D        | Found Noekul's Premium Goods.
     5 | D        | Found a shimmering blue altar of Sif Muna.
     5 | D        | Round 1.
     6 | D        | Found Zeofupeu's Do-It-Yourself Clinic.
     6 | D        | Found a bloodstained altar of Trog.
     6 | D        | Found a corrupted altar of Lugonu.
     6 | D        | Found Bitucoe's Distillery.
     7 | D        | Found Xytrag's Bottled Wisdom.
     7 | D        | Found Xujaadih's Distillery.
    10 | D        | Found a blossoming altar of Fedhas.
    11 | D        | Found a radiant altar of Vehumet.
    11 | D        | Noticed a quasit
    12 | D        | Found an opulent altar of Gozag.
    17 | D        | Found a burning altar of Makhleb.
    17 | D        | Found a basalt altar of Yredelemnul.
    18 | D        | Found an ancient bone altar of Kikubaaqudgha.
    19 | D        | Found an ornate altar of the Wu Jian Council.
    19 | D        | Found a glowing golden altar of the Shining One.
    20 | D        | Found Vihutaot's Timeless Talismans.
    20 | D        | Found an iron altar of Okawaru.
    20 | D        | Found Same's Identification Station.
    21 | D        | Found a snail-covered altar of Cheibriados.
    22 | D        | Found Wujuz's Magic Scroll Shop.
    22 | D        | Found Waithrit's Staff Store.
    23 | D        | Found Banaos's Magic Scroll Shop.
    23 | D        | Found Futi's Must-Have Magic.
    30 | D        | Became a worshipper of Vehumet
    37 | D        | Killed a quasit
    38 | D        | Reached skill level 1 in Long Blades
    38 | D        | Reached skill level 1 in Maces & Flails
    38 | D        | Reached skill level 1 in Polearms
    38 | D        | Reached skill level 1 in Staves
    38 | D        | Reached skill level 1 in Ranged Weapons
    38 | D        | Reached skill level 1 in Throwing
    38 | D        | Reached skill level 1 in Armour
    38 | D        | Reached skill level 1 in Dodging
    38 | D        | Reached skill level 1 in Stealth
    38 | D        | Reached skill level 1 in Shields
    38 | D        | Reached skill level 1 in Unarmed Combat
    38 | D        | Reached skill level 1 in Spellcasting
    38 | D        | Reached skill level 1 in Conjurations
    38 | D        | Reached skill level 1 in Hexes
    38 | D        | Reached skill level 1 in Summonings
    38 | D        | Reached skill level 1 in Necromancy
    38 | D        | Reached skill level 1 in Translocations
    38 | D        | Reached skill level 1 in Transmutations
    38 | D        | Reached skill level 1 in Fire Magic
    38 | D        | Reached skill level 1 in Ice Magic
    38 | D        | Reached skill level 1 in Air Magic
    38 | D        | Reached skill level 1 in Earth Magic
    38 | D        | Reached skill level 1 in Poison Magic
    38 | D        | Reached skill level 1 in Evocations
    38 | D        | Reached skill level 1 in Shapeshifting
    38 | D        | Reached XP level 2. HP: 26/36 MP: 2/4
    38 | D        | Reached XP level 3. HP: 30/42 MP: 2/5
    46 | D        | Found Ybav's Jewellery.
    46 | D        | Found Doipail's Advanced Armour.
    74 | D        | Reached * piety under Vehumet
    74 | D        | Offered knowledge of Sandblast by Vehumet.
    75 | D        | Reached XP level 4. HP: 26/49 MP: 5/7
    77 | D        | Learned a level 1 spell: Sandblast
    82 | D        | Found Ysut Lud's Miscellaneous Merchandise.
    82 | D        | Found Gocapt's Basic Armour.
   100 | D        | Noticed Eustachio
   115 | D        | HP: 1/49 [Eustachio/+0 rapier (8)]
   116 | D        | Mangled by a river rat

Illustrated notes

Levels and vault maps discovered:
D:        arena_sprint

Skill      XL: |  1  2  3 |
---------------+----------+-----
Fighting       | | 10.8
Short Blades   | 3 |  3.8
Long Blades    | 1 2 |  2.7
Maces & Flails | 1 2 |  2.7
Polearms       | 1 2 |  2.7
Staves         | 1 2 |  2.7
Ranged Weapons | 1 2 |  2.7
Throwing       | 1 2 |  2.7
Armour         | 1 2 |  2.7
Dodging        | 1 2 |  2.7
Stealth        | 1 2 |  2.7
Shields        | 1 2 |  2.7
Unarmed Combat | 1 2 |  2.7
Spellcasting   | 1 2 |  2.7
Conjurations   | 1 2 |  2.2
Hexes          | 1 2 |  2.2
Summonings     | 1 2 |  2.2
Necromancy     | 1 2 |  2.2
Translocations | 1 2 |  2.2
Transmutations | 1 2 |  2.2
Fire Magic     | 1 2 |  2.2
Ice Magic      | 1 2 |  2.2
Air Magic      | 1 2 |  2.2
Earth Magic    | 1 2 |  2.2
Poison Magic   | 1 2 |  2.2
Invocations    | 3 4 |  4.0
Evocations     | 1 2 |  2.7
Shapeshifting  | 1 2 |  2.2
Axes           | 7 |  7.1

Action                     |  1- 3 |  4- 6 || total
---------------------------+-------+-------++-------
  Melee: Hand axe          |    24 |     8 ||    32
         Bite              |     2 |       ||     2
         Punch             |       |     1 ||     1
   Cast: Sandblast         |       |     2 ||     2
  Evoke: Wand              |     1 |     2 ||     3
 Armour: Leather armour    |    24 |       ||    24
  Dodge: Dodged            |    26 |     8 ||    34

Table legend: (Time is in decaauts)
 A = Elapsed time spent in this place.
 B = Non-inter-level travel time spent in this place.
 C = Inter-level travel time spent in this place.
 D = Time resting spent in this place.
 E = Time spent auto-exploring this place.
 F = Levels seen in this place.
 G = Mean time per level.
                   A        B        C        D        E       F      G
               +--------+--------+--------+--------+--------+-----+--------+
         Total |    115 |    115 |      0 |      0 |      0 |   1 |  115.0 |
       Dungeon |    115 |    115 |      0 |      0 |      0 |   1 |  115.0 |
               +--------+--------+--------+--------+--------+-----+--------+

Top non-repeatable levels by time:
       D: 115 daAuts
